 Dungeon Crawl Stone Soup version 0.21.0-3-g78d12a8 (webtiles) character file.

106 Hubbles the Skirmisher (level 4, -6/38 HPs)
             Began as a Hill Orc Ice Elementalist on Jan 17, 2018.
             Was an Initiate of Qazlal.
             Mangled by an iguana (8 damage)
             ... on level 4 of the Dungeon.
             The game lasted 00:05:34 (3022 turns).

Hubbles the Skirmisher (Hill Orc Ice Elementalist)  Turns: 3022, Time: 00:05:35

Health: -6/38      AC: 13    Str: 11    XL:     4   Next: 84%
Magic:  6/6        EV: 10    Int: 15    God:    Qazlal [......]
Gold:   132        SH:  0    Dex: 11    Spells: 5/6 levels left

rFire    . . .     SeeInvis .   a - +2 dagger (protect)
rCold    . . .     Gourm    .   (no shield)
rNeg     . . .     Faith    .   m - +0 ring mail
rPois    .         Spirit   .   j - +0 helmet
rElec    .         Reflect  .   (no cloak)
rCorr    .         Harm     .   (no gloves)
MR       .....                  (no boots)
Stlth    +.........             (no amulet)
HPRegen  0.12/turn              (no ring)
MPRegen  0.10/turn              (no ring)

@: protection aura
A: no striking features
a: Renounce Religion


You were on level 4 of the Dungeon.
You worshipped Qazlal.
Qazlal was noncommittal.
You were not hungry.

You visited 1 branch of the dungeon, and saw 4 of its levels.

You collected 132 gold pieces.

Inventory:

Hand Weapons
 a - a +2 dagger of protection (weapon)
Armour
 j - a +0 helmet (worn)
 m - a +0 ring mail (worn)
Jewellery
 p - an uncursed ring of protection from cold
Scrolls
 d - 2 scrolls of identify
Potions
 k - a potion of agility
Comestibles
 b - 3 chunks of flesh
 c - 3 rations


   Skills:
 + Level 3.5 Fighting
 + Level 3.2 Armour
 - Level 1.5 Dodging
 - Level 1.5 Stealth
 - Level 1.5 Spellcasting
   Level 1.0 Conjurations
 - Level 2.6 Ice Magic


You had 5 spell levels left.
You knew the following spells:

 Your Spells              Type           Power        Failure   Level  Hunger
a - Freeze                Ice            #...         17%         1    ##.....


Dungeon Overview and Level Annotations

Branches:
Dungeon (4/15)
 Temple: D:4-7

Altars:
Qazlal

Annotations:
D:3 travisno's ghost, weakling HuWz


Message History

The iguana barely misses you.
You closely miss the iguana.
The iguana is heavily wounded.
The iguana bites you but does no damage.
You hit the iguana.
Your weapon exudes an aura of protection.
The iguana is severely wounded.
The iguana bites you!
* * * LOW HITPOINT WARNING * * *
You hit the iguana but do no damage.
The iguana is severely wounded.
The iguana bites you but does no damage.
You hit the iguana but do no damage.
The iguana is severely wounded.
The iguana bites you.
* * * LOW HITPOINT WARNING * * *
You barely miss the iguana.
The iguana is severely wounded.
The iguana bites you!
You die...

#+# #.#
#.# #.#
#l# #@#
#+# #
#.####
#....#
#.#.##.#
#.#..#)#
#.#..#<#


You could see an iguana.

Vanquished Creatures
  Jessica (D:3)
  2 adders
  2 dart slugs
  4 leopard geckos
  4 orcs
  2 ball pythons
  2 giant cockroaches
  3 goblins
  6 hobgoblins
  4 jackals (D:2)
  A quokka (D:2)
  4 bats (D:2)
  3 frilled lizards
  5 kobolds
  9 rats
52 creatures vanquished.

Vanquished Creatures (others)
  A bat (D:3)
1 creature vanquished.

Grand Total: 53 creatures vanquished

Notes
Turn   | Place    | Note
-------+----------+-------------------------------------------
     0 | D:1      | Hubbles the Hill Orc Ice Elementalist began the quest for the Orb.
     0 | D:1      | Reached XP level 1. HP: 14/14 MP: 3/3
   122 | D:1      | Reached skill level 1 in Fighting
   232 | D:1      | Reached skill level 1 in Armour
   252 | D:1      | Reached XP level 2. HP: 18/23 MP: 4/4
   385 | D:1      | You fall through a shaft!
  1054 | D:1      | Reached XP level 3. HP: 26/29 MP: 5/5
  1918 | D:3      | Noticed travisno's ghost (weakling HuWz)
  2244 | D:3      | Noticed Jessica
  2258 | D:3      | Killed Jessica
  2258 | D:3      | Reached XP level 4. HP: 34/38 MP: 6/6
  2685 | D:3      | Found a stormy altar of Qazlal.
  2756 | D:3      | Became a worshipper of Qazlal Stormbringer
  3022 | D:4      | Mangled by an iguana

Skill      XL: |  1  2  3  4 |
---------------+-------------+-----
Fighting       | 1 2 3 |  3.5
Armour         | 1 2 3 |  3.2
Dodging        | |  1.5
Stealth        | |  1.5
Spellcasting   | |  1.5
Conjurations   | |  1.0
Ice Magic      | |  2.6

Action                   |  1- 3 |  4- 6 || total
-------------------------+-------+-------++-------
Melee: Dagger            |   261 |   113 ||   374
       Unarmed           |     7 |       ||     7
 Cast: Freeze            |     2 |       ||     2
  Use: Scroll            |     8 |       ||     8
       Potion            |     2 |     4 ||     6
 Stab: Sleeping          |     1 |       ||     1
       Invisible         |       |     2 ||     2
  Eat: Chunk             |     4 |     1 ||     5
       Ration            |       |     1 ||     1
Armor: Leather armour    |    26 |       ||    26
       Ring mail         |    72 |    34 ||   106
Dodge: Dodged            |   138 |    69 ||   207
